Map: Dragon Scales LE

Players

Erik - Winner!

  • Race: Zerg Zerg
  • League: Grandmaster
  • Spawn Location: 11:00

AqueroN

  • Race: Terran Terran
  • League: Grandmaster
  • Spawn Location: 5:00

VOD

Have the link to the VOD?

Description

Time

  • Played on: April 30, 2023, 10:24 a.m.
  • Length: 17:23
Show
View Real Time Build Order
Export as new Build Order

Erik Zerg - Winner!

Build Orders: Hatch First 

Get SALT Encoding   

  12  0:00  Drone  
  13  0:08  Drone  
  14  0:14  Extractor  
  14  0:15  Drone  
  15  0:37  Hatchery  
  15  0:42  Extractor, Drone  
  14  0:48  Overlord  
  15  1:03  Spawning Pool  
  14  1:07  Drone  
  14  1:09  Drone  
  16  1:13  Drone  
  16  1:18  Drone  
  18  1:30  Drone  
  20  1:40  Drone  
  20  1:46  Extractor  
  19  1:49  Queen x2  
  19  1:50  Zergling x2  
  19  1:53  Drone  
  25  1:59  Drone  
  25  2:01  Overlord  
  26  2:10  Drone  
  26  2:11  Drone  
  28  2:21  Drone  
  29  2:26  Extractor  
  28  2:35  Drone  
  28  2:36  Queen x2  
  34  2:37  Overlord  
  34  2:43  Overlord  
  34  2:45  Drone  
  35  2:53  Drone  
  35  2:56  Drone x2  
  38  3:02  Drone  
  38  3:05  Drone x3  
  41  3:07  Drone x3  
  41  3:08  Drone  
  45  3:19  Extractor, Lair  
  44  3:25  Roach Warren  
  43  3:30  Drone x4  
  47  3:38  Drone x4  
  51  3:45  Overlord  
  51  3:52  Hatchery  
  51  3:53  Extractor  
  51  3:55  Pneumatized Carapace  
  49  4:01  Overlord  
  49  4:07  Roach x3  
  49  4:09  Roach  
  57  4:18  Roach  
  57  4:22  Roach  
  57  4:23  Roach x2  
  65  4:25  Queen  
  65  4:30  Overlord  
  67  4:36  Overlord  
  67  4:48  Drone x6  
  67  4:49  Drone x2  
  75  4:56  Drone  
  76  5:02  Overlord  
  76  5:05  Glial Reconstitution  
  76  5:08  Drone x3  
  76  5:09  Queen  
  76  5:10  Evolution Chamber  
  76  5:12  Evolution Chamber  
  79  5:15  Drone x2  
  79  5:18  Drone  
  79  5:20  Overlord  
  79  5:21  Overlord  
  82  5:24  Extractor, Drone  
  82  5:25  Drone  
  84  5:28  Drone  
  84  5:29  Baneling Nest  
  84  5:35  Drone x2  
  85  5:36  Drone x2  
  87  5:44  Drone x3  
  90  5:50  Zerg Ground Armor Level 1, Zerg Missile Weapons Level 1  
  90  5:53  Metabolic Boost  
  90  5:57  Overlord  
  90  5:59  Spore Crawler  
  90  6:01  Spore Crawler  
  90  6:02  Roach  
  90  6:03  Roach x2  
  94  6:11  Roach  
  94  6:12  Roach x4  
  94  6:15  Centrifugal Hooks  
  104  6:22  Extractor  
  104  6:23  Extractor  
  104  6:25  Spore Crawler, Drone x5  
  105  6:31  Ravager x4  
  109  6:37  Roach x2  
  113  6:40  Overlord  
  113  6:46  Drone x3  
  114  6:52  Overlord  
  114  6:54  Overlord x4  
  114  7:11  Zergling x16  
  114  7:14  Hatchery  
  121  7:17  Drone x3  
  121  7:22  Drone  
  125  7:24  Infestation Pit  
  125  7:25  Drone  
  125  7:30  Baneling x12  
  125  7:31  Zergling x2  
  126  7:40  Drone x7  
  126  7:44  Zerg Melee Weapons Level 1  
  133  7:50  Spore Crawler, Drone x3  
  135  7:52  Zerg Ground Armor Level 2  
  135  7:55  Zergling x6  
  138  8:11  Zergling x22  
  144  8:15  Drone  
  144  8:17  Hive  
  145  8:23  Spore Crawler  
  145  8:24  Spore Crawler  
  143  8:27  Zergling x14  
  143  8:31  Drone x3  
  153  8:38  Baneling  
  153  8:39  Baneling x8  
  153  8:40  Baneling  
  153  8:52  Hatchery  
  152  8:57  Drone  
  152  9:00  Overlord x2  
  152  9:01  Overlord x2  
  153  9:04  Burrow  
  153  9:06  Hatchery  
  152  9:14  Baneling x4  
  152  9:15  Zergling x28  
  166  9:31  Viper x2  
  165  9:32  Viper  
  165  9:33  Ultralisk Cavern  
  165  9:34  Adrenal Glands  
  165  9:35  Drone  
  165  9:36  Drone  
  165  9:37  Extractor, Drone x7  
  180  9:50  Zergling x18  
  170  10:05  Drone  
  170  10:06  Drone x3  
  174  10:15  Zerg Ground Armor Level 3, Zerg Melee Weapons Level 2  
  174  10:18  Overlord  
  174  10:20  Drone x2  
  174  10:21  Drone x4  
  179  10:25  Ravager x3  
  179  10:26  Ultralisk x2  
  195  10:31  Spore Crawler x2  
  195  10:33  Spine Crawler x2  
  195  10:34  Ultralisk  
  197  10:43  Baneling x10  
  197  10:44  Zergling x2  
  197  10:45  Zergling x2  
  183  10:59  Chitinous Plating  
  183  11:01  Zergling x2  
  183  11:02  Zergling x32  
  198  11:14  Zergling x2  
  185  11:20  Hatchery  
  168  11:28  Zergling x20  
  168  11:31  Hatchery  
  170  11:41  Hatchery  
  170  11:44  Ultralisk x3  
  181  11:57  Zergling x16  
  180  12:12  Drone x5  
  185  12:20  Baneling  
  185  12:21  Baneling x16  
  184  12:24  Zergling x2  
  184  12:25  Zergling x6  
  184  12:28  Ravager x2  
  184  12:29  Ravager x4  
  194  12:35  Pathogen Glands  
  194  12:38  Drone x5  
  184  13:02  Infestor  
  184  13:03  Infestor x4  
  191  13:05  Zergling x2  
  191  13:06  Zergling x16  
  191  13:07  Zergling x2  
  191  13:11  Overseer x3  
  191  13:12  Overseer  
  194  13:13  Overseer  
  194  13:21  Extractor  
  194  13:23  Extractor x2  
  194  13:25  Spine Crawler, Spore Crawler  
  189  13:29  Drone x2, Spore Crawler  
  189  13:30  Spine Crawler, Spore Crawler, Drone x2  
  189  13:31  Spine Crawler x2  
  189  13:33  Baneling x8  
  189  13:34  Zergling x24  
  200  13:42  Infestor x5  
  200  13:48  Drone  
  199  13:53  Baneling x5  
  199  13:57  Neural Parasite  
  199  13:58  Anabolic Synthesis  
  199  14:00  Zerg Melee Weapons Level 3  
  174  14:21  Zergling x28  
  174  14:22  Zergling x20  
  152  14:36  Ultralisk x3  
  162  14:44  Zergling x2  
  162  14:45  Zergling x26  
  141  15:01  Hatchery  
  141  15:02  Drone x7  
  147  15:14  Baneling x17  
  147  15:20  Zergling x26  
  160  15:25  Infestor  
  154  15:36  Zergling x2  
  154  15:37  Zergling x16  
  156  15:54  Infestor x2  
  145  16:08  Ultralisk x5  
  145  16:11  Zergling x26  
  169  16:21  Infestor x4  
  169  16:24  Zergling x12  
  160  16:27  Queen  
  162  16:35  Spine Crawler  
  161  16:41  Zergling x10  
  164  16:55  Zergling x20  
Show
View Real Time Build Order
Export as new Build Order

AqueroN Terran 

Build Orders: Reaper Expand 

Get SALT Encoding   

  12  0:00  SCV  
  13  0:12  SCV  
  14  0:17  Supply Depot  
  14  0:24  SCV  
  15  0:38  SCV  
  15  0:39  Barracks  
  16  0:43  Refinery  
  16  0:51  SCV  
  17  1:03  SCV  
  18  1:15  SCV  
  19  1:26  Reaper  
  19  1:27  Orbital Command  
  20  1:39  Command Center  
  20  1:48  Supply Depot  
  20  1:52  SCV  
  21  1:58  Marine  
  22  2:04  SCV  
  23  2:12  Factory  
  23  2:17  SCV  
  23  2:20  Barracks Reactor  
  24  2:29  SCV  
  25  2:41  SCV  
  25  2:43  Command Center  
  25  2:55  SCV  
  25  2:57  Marine x2, Hellion  
  29  3:06  Orbital Command  
  29  3:07  SCV  
  30  3:15  Starport  
  30  3:19  Marine  
  31  3:20  Marine  
  31  3:23  Factory Tech Lab  
  32  3:27  Refinery  
  32  3:30  SCV  
  33  3:36  Bunker  
  33  3:38  Marine x2  
  35  3:42  SCV  
  35  3:43  SCV  
  40  3:56  SCV x2  
  40  3:58  Marine x2  
  42  4:03  Orbital Command  
  42  4:09  SCV x2  
  44  4:16  Viking, Marine x2  
  46  4:19  Siege Tank  
  46  4:23  Bunker, SCV  
  50  4:25  SCV  
  50  4:30  Supply Depot  
  51  4:33  Supply Depot  
  51  4:36  Marine x2  
  53  4:38  SCV  
  53  4:40  SCV  
  53  4:42  SCV  
  58  4:53  SCV x2  
  58  4:54  SCV  
  58  4:55  Liberator  
  62  5:00  Marine x2  
  64  5:07  SCV, Supply Depot  
  64  5:08  SCV x2  
  67  5:14  Siege Tank  
  67  5:20  SCV, Engineering Bay  
  67  5:21  SCV x2, Engineering Bay  
  73  5:30  Marine x2  
  73  5:31  Barracks  
  73  5:32  Barracks  
  75  5:36  Refinery x2  
  73  5:48  Terran Infantry Weapons Level 1, Terran Infantry Armor Level 1, Marine x2  
  75  5:50  SCV x3  
  78  5:59  Supply Depot  
  78  6:00  Supply Depot  
  78  6:02  Starport Tech Lab  
  78  6:04  SCV x3  
  78  6:09  Barracks  
  78  6:10  Barracks, Marine x2  
  83  6:21  Siege Tank, Supply Depot  
  83  6:22  Raven, Supply Depot  
  83  6:23  Barracks Tech Lab  
  88  6:28  SCV x3  
  91  6:34  Marine x2  
  91  6:35  Barracks Reactor  
  91  6:39  Supply Depot  
  93  6:41  Supply Depot  
  93  6:45  SCV x3  
  96  6:48  Stimpack  
  96  6:49  Marauder  
  98  6:54  Armory, Marine x2  
  98  6:55  Supply Depot  
  98  6:59  Barracks Tech Lab  
  98  7:00  Barracks Reactor  
  100  7:05  SCV  
  100  7:06  SCV  
  100  7:07  Starport Reactor  
  100  7:08  SCV  
  103  7:12  Marine x2  
  103  7:14  Marine x2, Marauder  
  107  7:25  SCV x2  
  107  7:28  Marauder, Supply Depot x2  
  107  7:29  Siege Tank  
  114  7:37  SCV x2  
  115  7:40  Command Center, Marine x4  
  120  7:44  Terran Infantry Weapons Level 2  
  120  7:48  Refinery  
  120  7:49  Refinery  
  120  7:50  Terran Infantry Armor Level 2  
  120  7:53  Orbital Command  
  120  7:57  Marauder x2  
  124  8:03  Medivac  
  126  8:09  SCV  
  126  8:10  SCV  
  126  8:11  Marine x2  
  126  8:12  Marine x4  
  115  8:18  Marauder, Medivac  
  119  8:22  SCV x3  
  119  8:26  Siege Tank  
  127  8:27  Marauder  
  127  8:38  Barracks  
  127  8:40  Barracks, Marauder  
  127  8:41  Barracks, Medivac, Supply Depot  
  131  8:44  Concussive Shells, Combat Shield, Supply Depot  
  131  8:47  SCV x3  
  134  8:49  Marine x2, Marauder  
  134  8:51  Marine  
  139  8:57  Marine x2  
  139  8:58  Marine  
  142  9:07  SCV x3  
  142  9:09  Marauder  
  147  9:10  Marauder, Siege Tank, Marine x2  
  147  9:13  Medivac x2  
  147  9:16  Terran Vehicle Weapons Level 1  
  147  9:17  Supply Depot  
  158  9:18  Supply Depot  
  158  9:23  Supply Depot  
  158  9:25  Supply Depot  
  158  9:30  Marine x6  
  159  9:32  SCV x2  
  159  9:33  SCV  
  159  9:37  Marauder x2  
  166  9:39  Barracks Tech Lab x2  
  166  9:40  Barracks Tech Lab  
  166  9:43  Supply Depot  
  166  9:46  Ghost Academy  
  166  9:49  Siege Tank, Marine  
  163  10:01  Marine x5, Marauder x3  
  163  10:02  Terran Infantry Weapons Level 3  
  171  10:12  Medivac x2  
  175  10:14  Marine  
  175  10:15  Marauder x2  
  175  10:16  SCV x3  
  183  10:28  Refinery  
  183  10:29  Refinery  
  183  10:30  Command Center  
  183  10:32  Terran Infantry Armor Level 3  
  183  10:40  Marauder x5  
  180  11:00  Marine x2  
  180  11:01  Marine x3  
  185  11:07  Planetary Fortress  
  185  11:09  Command Center  
  185  11:10  Sensor Tower  
  185  11:11  Sensor Tower  
  185  11:12  Factory  
  171  11:25  Marauder x4  
  164  11:30  Siege Tank  
  164  11:38  Marine x4  
  157  11:43  Marine  
  157  11:46  Marine x3  
  161  11:51  Marauder x2  
  163  11:56  Orbital Command  
  163  12:01  Ghost, Marine  
  156  12:02  Marine x2, Siege Tank  
  153  12:10  Marine x3  
  153  12:12  Marine  
  153  12:13  Factory Tech Lab  
  153  12:14  SCV  
  153  12:15  SCV x2  
  162  12:19  Marine  
  163  12:24  SCV  
  163  12:27  SCV x3, Marine  
  168  12:32  Ghost x5  
  168  12:34  Siege Tank  
  168  12:35  Medivac  
  168  12:36  SCV  
  178  12:39  SCV x3  
  178  12:41  Command Center  
  181  12:48  SCV  
  170  13:01  Siege Tank  
  170  13:04  SCV  
  170  13:05  Planetary Fortress, SCV x2  
  171  13:11  Marine x5  
  176  13:23  SCV x3  
  179  13:30  Siege Tank  
  179  13:31  Ghost x2  
  185  13:49  Siege Tank  
  185  13:50  Ghost  
  185  13:51  Marine  
  185  13:52  Marine x5  
  185  13:53  Marauder  
  156  14:28  Ghost x2  
  156  14:29  Ghost, Marine x2  
  150  14:40  Marine  
  150  14:41  Marine x4  
  150  14:45  SCV x4  
  151  14:50  Siege Tank x2  
  158  14:54  Marine  
  158  14:57  SCV x3  
  147  15:00  SCV  
  148  15:09  SCV x2, Marauder x4  
  148  15:10  Marauder  
  148  15:11  Command Center  
  160  15:14  Orbital Command  
  160  15:31  Ghost  
  160  15:32  Marine x3  
  160  15:33  Marine x3  
  160  15:35  Marauder x4  
  171  15:38  SCV x3  
  171  15:39  SCV  
  171  15:50  SCV  
  171  15:52  SCV  
  169  15:59  Ghost  
  148  16:18  Orbital Command  
  132  16:20  Ghost  
  132  16:21  Ghost, Marine x2  
  132  16:22  Marine x3  
  132  16:23  Marine x3  
  139  16:35  Marauder  
  139  16:39  Marine x3  
  143  16:40  Marine x2  
  143  16:42  Marauder x2  
Tags
 
Add a new tag
Caveats
  • Supply blocks, unpowered buildings, or Contaminate may cause inaccurate times.
  • Supply counts are checked every 10 seconds.